Description

Very strong build order with two drops of mines and marines. The drop is ready for 4:20 with 3 widows mines and 10 marines, separated in two medivacs, obviously. Download the replay for see exactly how to realize the BO.

Replay - Double drop

Build Order

Get SALT Encoding   

  14  0:18  Supply Depot  
  15  0:31  Refinery  
  15  0:42  Barracks  wait the reactor for begin the marine's production
  19  1:30  Supply Depot  
  19  1:32  Factory  begin the production of mines (without add-on)
  20  1:36  Refinery  
  20  1:50  Reactor  On your barrack
  20  1:57  Orbital Command  
  20  2:17  Starport  (begin the production of medivacs (without add-on)
  27  2:46  Supply Depot x2  
  43  3:59  Command Center  
  43  4:07  Reactor  On your starport
  44  4:14  Supply Depot  
  44  4:17  Tech Lab  On your factory
Spawning Tool Build Advisor. Get it on Overwolf

Analysis

This BO it is powerful because it is an assault on two sides.

Go to:

Details

  • Created by: Zerthek
  • Published on: Jan 20, 2016
  • Modified on: Jan 21, 2016
  • Patch: Pre-3.8.0
Show
View Real Time Build Order
Export as new Build Order

Comments (13)

On Oct. 28, 2017, 3:29 p.m., LazarusLong  said:

you screwed if they have anti air

On May 18, 2016, 4:11 a.m., Captain_Matzz_Zeal  said:

Oh yeah liberators as a follow up to back up the siege tanks are also gd...

On May 18, 2016, 4:10 a.m., Captain_Matzz_Zeal  said:

I tested this build too, It wasnt bad against AI so far Ive tested. I really like it, hopefully it works for me on ladder, I still need more practice though. Overall I think the build isnt that bad and it shld be able to counter opponents cheeses as it may help to counter attack the opponent due to the mass killing of the workers... Thankks So much for this build :)...

On March 18, 2016, 4:24 p.m., Zerthek  said:

Thanks all for your comments, it's important for me to have your reactions ;)

On March 18, 2016, 4:23 p.m., Zerthek  said:

DrButterface, if to I don't to add the units, it's because i don't knew that it was possible x) And normally in the BO, I product two medivacs and after I build the reactor for continue to product medivacs and liberators.

On March 18, 2016, 4:18 p.m., Zerthek  said:

Sidrahlin, for give an answer at your question, I don't push after my two drops, but I continue to drop everywhere with mines, marauders, marines and liberators. Also, this build is strong vs all race, so versus terran if the opponent don't build a lot of anti-air. But it's generally verry effective.

On March 16, 2016, 6:28 a.m., DrButterface  said:

Nvm, found the replay - my bad ;)

On March 16, 2016, 6:27 a.m., DrButterface  said:

Would have been nice to add at least what units you're going to build.

Also, why build 1 medivac, then a reactor and then another vac, if it's going to be a fast 2 vac-drop?

And where is the replay?

Please don't get me wrong, I'm always thankful and appreciative for people sharing content and contributing to the community. But I think a bit more care in doing these posts is necessary to really help other people.

On March 11, 2016, 1:04 a.m., Sidrahlin  said:

Very creative build but I have a question about it...do you just push out at the 4:00 - 5:00 minute mark? And one more, what is this build strong against like what match-up as Terran? Thanks in advance :-)

On Jan. 30, 2016, 3:52 p.m., Zerthek  said:

obviously, but if your opponent don't haves anti air, it's strong. And also, its rare a opponent with anti air everywhere at 4.00 - 5.00 minutes.

On Jan. 30, 2016, 3:50 p.m., Zerthek  said:

On Jan. 29, 2016, 2:04 p.m., Atreyu  said:

Gets absolutely destroyed by anti air

On Jan. 21, 2016, 4:22 a.m., Zerthek  said:

Don't hesitate to writte a comment to help me to making better the BO !

Create an account to comment!